 Dungeon Crawl Stone Soup version 0.27.1 (webtiles) character file.

Game seed: 14734756115482256741

39 Sabo the Chopper (level 3, -3/33 HPs)
             Began as a Hill Orc Monk on Aug 22, 2021.
             Slain by a gnoll (4 damage)
             ... on level 2 of the Dungeon.
             The game lasted 00:05:05 (1602 turns).

Sabo the Chopper (Hill Orc Monk)                    Turns: 1602, Time: 00:05:06

Health: -3/33      AC:  3    Str: 14    XL:     3   Next: 47%
Magic:  3/3        EV: 12    Int: 10    God:
Gold:   52         SH:  0    Dex: 13    Spells: 2/2 levels left

rFire    . . .     SeeInvis .   a - +0 hand axe
rCold    . . .     Faith    .   (no shield)
rNeg     . . .     Spirit   .   g - +0 leather armour
rPois    .         Reflect  .   (no helmet)
rElec    .         Harm     .   (no cloak)
rCorr    .         Rampage  .   (no gloves)
Will     .....                  (no boots)
Stlth    ++........             (no amulet)
HPRegen  0.11/turn              (no ring)
MPRegen  0.08/turn              (no ring)

@: no status effects
A: no striking features
a: no special abilities


You were on level 2 of the Dungeon.
You visited 1 branch of the dungeon, and saw 2 of its levels.

You collected 52 gold pieces.

Inventory:

Hand Weapons
 a - a +0 hand axe (weapon)
Missiles
 f - 6 atropa-tipped darts (quivered)
Armour
 g - a +0 leather armour (worn)
Scrolls
 b - a scroll of identify {unknown}
 d - a scroll of amnesia {unknown}
 e - a scroll of blinking {unknown}
Potions
 c - a potion of curing {unknown}


   Skills:
 + Level 4.1 Fighting
 + Level 4.8 Axes
 + Level 2.8 Dodging
 + Level 1.6 Stealth


You had 2 spell levels left.
You didn't know any spells.
Your spell library was empty.

Dungeon Overview and Level Annotations

Branches:
Dungeon (2/15)

Altars:
Trog

Shops:
D:1 [


Message History

The kobold hits you but does no damage.
You barely miss the kobold.
The kobold is moderately wounded.
The kobold closely misses you.
You hit the kobold.
The kobold is severely wounded.
The kobold hits you with a +0 whip.
You closely miss the kobold.
The kobold is severely wounded.
The kobold closely misses you.
You hit the kobold.
You kill the kobold!
You see here a +0 whip.
You start resting.
A gnoll comes into view. It is wielding a +1 whip of flaming.
The gnoll shouts!
You hear a shout!
You slash the gnoll!
The gnoll is heavily wounded.
The gnoll closely misses you.
A gnoll comes into view. It is wielding a +0 club.
You closely miss the gnoll.
The gnoll is heavily wounded.
The gnoll barely misses you.
The gnoll shouts!
You hit the gnoll.
The gnoll is severely wounded.
You hear a shout!
A gnoll comes into view. It is wielding a +1 spear of venom.
The gnoll hits you with a +1 whip of flaming.
The gnoll burns you.
* * * LOW HITPOINT WARNING * * *
You hit the gnoll but do no damage.
The gnoll is severely wounded.
The gnoll closely misses you.
You hit the gnoll but do no damage.
The gnoll is severely wounded.
The gnoll hits you with a +1 whip of flaming!
* * * LOW HITPOINT WARNING * * *
The gnoll burns you.
You die...

###......# #........#
# ###.#.._...# .#
#..........###.#
.##.#.#..........####
..........#...........
#.#.#...#.).#####.##
#.#.........# ###.# #
#.....#.###@# ... ..
#.#...#.# #g##.##.##.
#......<# #..........
###...### ##g......##
#...# #.#.###.# #...#
#g#.# #...# #....
..... ...#.. ......
...#...


You could see 3 gnolls.

Vanquished Creatures
  3 dart slugs
  2 ball pythons (D:1)
  5 endoplasms (D:1)
  2 giant cockroaches (D:1)
  2 hobgoblins (D:1)
  3 frilled lizards
  4 goblins (D:1)
  7 kobolds
  4 rats
32 creatures vanquished.

Notes
Turn   | Place    | Note
-------+----------+-------------------------------------------
     0 | D:1      | Sabo the Hill Orc Monk began the quest for the Orb.
     0 | D:1      | Reached XP level 1. HP: 19/19 MP: 1/1
   190 | D:1      | Reached XP level 2. HP: 25/27 MP: 2/2
   824 | D:1      | Found Huraseps's Armour Shop.
   916 | D:1      | Reached XP level 3. HP: 16/33 MP: 3/3
  1499 | D:2      | Found a bloodstained altar of Trog.
  1602 | D:2      | HP: 1/33 [gnoll (8)]
  1602 | D:2      | Slain by a gnoll

Illustrated notes

Levels and vault maps discovered:
D:1:      co_arrival_square_in_a_square_in_a_square, layout_basic, serial_shops,
          shop
D:2:      layout_loops_cross, basic_altar, supply_closet_lemuel

Skill      XL: |  1  2 |
---------------+-------+-----
Fighting       | 4 |  4.1
Axes           | |  4.8
Dodging        | |  2.8
Stealth        | |  1.6

Action                   || total
-------------------------++-------
Melee: Hand axe          ||   103
 Stab: Sleeping          ||     2
Armor: Robe              ||    14
       Leather armour    ||     8
Dodge: Dodged            ||    60
